AoeStats
← NDF

Arabia

506011938Analyzed
1v1 RM · 19d ago on Sep 12, 2026· 32m 38s· 2 players
Game mode
Random Map
Map size
Tiny (2 player)
Population
200
Speed
Normal
Resources
Standard
Victory
Conquest
Starting age
Dark Age
Ending age
Imperial Age
RankedLock teamsTeams togetherTeam positionsShared explorationLock speedFull tech treeHidden civsTurbo modeCheats
Victory
Defeat
🇨🇴 Teutons · Colombia
534
+16
🇦🇷 Teutons · Argentina
532
-16
NDF
3:09 Loom
14:04 Feudal Age
20:01 Castle Age
17:38 Man-at-Arms
18:39 Horse Collar
18:55 Double-Bit Axe
19:24 Gold Mining
19:56 Stone Mining
22:25 Crossbowman
SirLex
12:41 Feudal Age
13:15 Double-Bit Axe
13:14 Horse Collar
14:12 Wheelbarrow
21:09 Castle Age
22:09 Bow Saw
22:04 Heavy Plow
22:00 Gold Mining
24:30 Padded Archer Armor
24:21 Fletching
27:27 Scale Mail Armor
27:42 Leather Archer Armor
27:23 Bodkin Arrow
Connection lost

Rejoining the realm…

Still unreachable

The connection could not be restored.

Session expired

The server has moved on; the page needs a fresh start.